Map: Blackburn LE

Players

Colin

  • Race: Zerg Zerg
  • League: Master
  • Spawn Location: 5:00

DoubleDouble - Winner!

  • Race: Zerg Zerg
  • League: Master
  • Spawn Location: 7:00

VOD

Have the link to the VOD?

Description

Time

  • Played on: Dec. 29, 2021, 3:05 p.m.
  • Length: 9:31
Show
View Real Time Build Order
Export as new Build Order

Colin Zerg 

Build Orders: Hatch First, Zergling Baneling 

Get SALT Encoding   

  12  0:00  Drone  
  13  0:12  Overlord  
  13  0:16  Drone  
  14  0:31  Drone x2  
  16  0:49  Hatchery  
  15  0:52  Drone  
  15  0:55  Drone  
  17  0:59  Drone  
  18  1:10  Extractor  
  17  1:14  Spawning Pool  
  16  1:19  Drone  
  16  1:20  Drone  
  18  1:29  Drone  
  19  1:39  Drone  
  20  2:02  Queen x2  
  20  2:03  Zergling x4  
  20  2:06  Drone  
  27  2:09  Metabolic Boost  
  27  2:11  Drone  
  28  2:26  Hatchery  
  27  2:33  Baneling Nest  
  26  2:38  Overlord  
  26  2:43  Drone  
  26  2:44  Drone  
  28  2:50  Overlord  
  28  2:57  Zergling x2  
  28  2:58  Zergling x2  
  30  3:01  Drone  
  30  3:04  Drone  
  32  3:05  Zergling x2  
  32  3:08  Zergling x2  
  34  3:20  Zergling x8  
  38  3:33  Zergling x10  
  42  3:35  Baneling x2  
  40  3:49  Zergling x12  
  42  3:59  Zergling x8  
  42  4:14  Zergling x12  
  47  4:21  Baneling x4  
  47  4:22  Zergling x2  
  45  4:54  Zergling x10  
  45  4:56  Overlord x4  
  45  4:59  Baneling x3  
  49  5:17  Zergling x14  
  50  5:33  Zergling x8  
  46  5:40  Zergling x6  
  45  5:53  Zergling x6  
  38  6:05  Roach Warren  
  38  6:07  Drone x8  
  38  6:08  Baneling  
  38  6:09  Baneling  
  38  6:10  Baneling  
  45  6:21  Drone x4  
  49  6:50  Roach x10  
  68  6:58  Roach x3  
  71  7:01  Zergling x2  
  71  7:07  Roach x2  
  71  7:08  Roach  
  56  7:32  Roach  
  56  7:33  Zergling x10, Roach x4  
  65  7:42  Roach  
  65  7:43  Zergling x4  
  55  7:56  Roach  
  55  7:57  Zergling x6  
  44  8:08  Queen  
  45  8:17  Roach x2  
  49  8:28  Drone x3  
  51  8:43  Drone x6  
  55  8:56  Roach x3  
  55  8:59  Roach  
  63  9:05  Roach  
  63  9:09  Roach  
  67  9:12  Zergling x6  
  67  9:19  Drone  
Show
View Real Time Build Order
Export as new Build Order

DoubleDouble Zerg - Winner!

Build Orders: Hatch First 

Get SALT Encoding   

  12  0:00  Drone  
  13  0:12  Overlord  
  13  0:17  Drone  
  14  0:31  Drone  
  14  0:32  Drone  
  16  0:49  Hatchery  
  15  0:52  Drone  
  16  0:58  Drone  
  16  0:59  Drone  
  18  1:11  Extractor  
  18  1:14  Spawning Pool  
  16  1:25  Drone x2  
  18  1:30  Drone  
  19  1:42  Drone  
  20  1:54  Overlord  
  20  2:01  Queen x2  
  20  2:03  Zergling x4  
  26  2:16  Drone x2  
  26  2:19  Metabolic Boost  
  28  2:23  Drone x2  
  30  2:35  Drone  
  30  2:36  Drone  
  32  2:42  Hatchery  
  31  2:50  Baneling Nest  
  30  3:00  Overlord  
  30  3:01  Queen  
  30  3:05  Drone x2  
  34  3:06  Drone  
  34  3:10  Zergling x2  
  36  3:16  Overlord  
  36  3:22  Zergling x6  
  39  3:31  Zergling x4  
  39  3:32  Zergling x6  
  43  3:37  Baneling x3  
  43  3:45  Zergling x2  
  43  3:46  Zergling x8  
  47  3:58  Zergling x2  
  47  3:59  Zergling x10  
  49  4:13  Zergling x6  
  51  4:22  Baneling x3  
  51  4:23  Baneling  
  51  4:25  Drone x6  
  51  4:29  Overlord  
  56  4:52  Drone x12  
  65  4:59  Extractor  
  64  5:01  Roach Warren  
  64  5:02  Baneling  
  64  5:03  Baneling x2  
  64  5:04  Baneling, Evolution Chamber  
  63  5:07  Zergling x6  
  58  5:31  Zergling x16  
  61  5:37  Zergling x12  
  61  5:39  Queen  
  57  5:53  Roach  
  57  5:54  Roach x4  
  57  5:55  Zergling x2  
  62  6:05  Baneling x4  
  62  6:10  Drone x3  
  62  6:11  Overlord x4  
  65  6:26  Overlord x2  
  65  6:27  Overlord  
  65  6:33  Zerg Ground Armor Level 1  
  65  6:35  Zergling x14  
  72  6:51  Zergling x14  
  77  6:59  Zergling x10  
  76  7:09  Baneling  
  76  7:10  Zergling x16  
  82  7:17  Drone  
  80  7:28  Drone x3  
  80  7:35  Roach  
  80  7:36  Roach x9  
  93  7:38  Drone  
  88  7:50  Extractor  
  87  7:52  Extractor  
  87  7:54  Roach x4  
  87  8:00  Extractor  
  80  8:08  Drone  
  80  8:09  Drone x2  
  79  8:17  Drone x3  
  82  8:23  Drone x8  
  82  8:27  Lair  
  88  8:48  Roach x10  
  107  8:56  Roach x2  
  107  9:02  Overlord x2  
  111  9:03  Overlord  
Tags
 
Add a new tag
Caveats
  • Supply blocks, unpowered buildings, or Contaminate may cause inaccurate times.
  • Supply counts are checked every 10 seconds.